 Dungeon Crawl Stone Soup version 0.27.1-37-g7b29ead8ac (webtiles) character file.

Game seed: 4322905170504845359

28 tkbsonic5 the Cutter (level 3, -1/23 HPs)
             Began as a Kobold Berserker on July 10, 2023.
             Was a Follower of Trog.
             Slain by a gnoll (11 damage)
             ... on level 1 of the Dungeon.
             The game lasted 00:04:02 (1363 turns).

tkbsonic5 the Cutter (Kobold Berserker)             Turns: 1363, Time: 00:04:03

Health: -1/23      AC:  5    Str: 15    XL:     3   Next: 27%
Magic:  3/3        EV: 13    Int:  8    God:    Trog [*.....]
Gold:   29         SH:  0    Dex: 14    Spells: 2/2 levels left

rFire    . . .     SeeInvis .   a - +0 short sword {hysterical goblin stoner}
rCold    . . .     Faith    .   (shield restricted)
rNeg     . . .     Spirit   .   f - +0 ring mail
rPois    .         Reflect  .   (no helmet)
rElec    .         Harm     .   (no cloak)
rCorr    .         Rampage  .   (no gloves)
Will     .....                  (no boots)
Stlth    ++........             (no amulet)
HPRegen  0.07/turn              (no ring)
MPRegen  0.08/turn              (no ring)

@: no status effects
A: small, no large weapons, nightstalker 3
a: Renounce Religion, Berserk


You were on level 1 of the Dungeon.
You worshipped Trog.
Trog was aware of your devotion.
You visited 1 branch of the dungeon, and saw 1 of its levels.

You collected 29 gold pieces.

Inventory:

Hand Weapons
 a - a +0 short sword (weapon) {hysterical goblin stoner}
Missiles
 e - 23 stones (quivered)
Armour
 b - a +0 animal skin
 f - a +0 ring mail (worn)
Scrolls
 c - a scroll of identify
 d - a scroll of amnesia


   Skills:
 * Level 3.4 Fighting
 * Level 4.4 Short Blades
 + Level 1.0 Throwing
 - Level 1.5 Armour
 * Level 2.8 Dodging
 + Level 1.8 Stealth


You had 2 spell levels left.
You didn't know any spells.
Your spell library was empty.

Dungeon Overview and Level Annotations

Branches:
Dungeon (1/15)

Altars:


Innate Abilities, Weirdness & Mutations

You are small and have problems with some larger weapons.
You are completely attuned to the shadows.


Message History

The gnoll is moderately wounded.
You hit the gnoll.
The gnoll is heavily wounded.
The kobold closely misses you. The gnoll hits you with a +0 flail.
You closely miss the gnoll.
The gnoll is heavily wounded.
The kobold closely misses you. The gnoll hits you with a +0 flail.
You hit the kobold.
The kobold is moderately wounded.
The kobold barely misses you.
You hit the kobold but do no damage.
The kobold is moderately wounded.
The kobold hits you but does no damage.
You hit the kobold.
You kill the kobold!
Trog accepts your kill.
You closely miss the gnoll.
The gnoll is heavily wounded.
The gnoll hits you with a +0 flail!
* * * LOW HITPOINT WARNING * * *
You are too injured to fight recklessly!
You are too injured to fight recklessly!
You aren't carrying any potions.
Okay, then.
The gnoll hits you with a +0 flail.
* * * LOW HITPOINT WARNING * * *
There is an open door here.
As you close the door, it creaks loudly!
A gnoll opens the door.
There is an open door here.
You barely miss the gnoll.
The gnoll is moderately wounded.
The gnoll closely misses you.
You hit the gnoll.
The gnoll is heavily wounded.
The gnoll barely misses you.
You hit the gnoll.
The gnoll is heavily wounded.
The gnoll hits you with a +0 flail!
You die...

#### ...#
...###############
...'............>#
...#.###########g#
...#.# #@# ...#.#
#########.# ...#.#
#.........# ####.#
..........# #.#
.....÷....#### #.#
8.8÷.........# #.#
.⌠..÷.....##. #.#
.....####.## #.#
....## #..#


You could see a gnoll.

Vanquished Creatures
  3 endoplasms (D:1)
  A giant cockroach (D:1)
  A goblin (D:1)
  3 hobgoblins (D:1)
  2 jackals (D:1)
  A quokka (D:1)
  6 ball pythons (D:1)
  4 bats (D:1)
  A frilled lizard (D:1)
  A kobold (D:1)
  3 rats (D:1)
26 creatures vanquished.

Vanquished Creatures (others)
  2 fungi (D:1)
  A plant (D:1)
3 creatures vanquished.

Grand Total: 29 creatures vanquished

Notes
Turn   | Place    | Note
-------+----------+-------------------------------------------
     0 | D:1      | tkbsonic5 the Kobold Berserker began the quest for the Orb.
     0 | D:1      | Reached XP level 1. HP: 14/14 MP: 1/1
   217 | D:1      | Reached skill level 1 in Stealth
   233 | D:1      | Reached XP level 2. HP: 13/19 MP: 2/2
   971 | D:1      | Reached XP level 3. HP: 17/23 MP: 3/3
   982 | D:1      | Reached skill level 1 in Throwing
  1363 | D:1      | Slain by a gnoll

Illustrated notes

Levels and vault maps discovered:
D:1:      minmay_arrival_doors, layout_basic, dreamdust_ecumenical_altar_grove,
          chequers_decorated_corner, hangedman_feature_mirror

Skill      XL: |  1  2  3 |
---------------+----------+-----
Stealth        | 1 |  1.8
Throwing       | 1 |  1.0
Fighting       | |  3.4
Short Blades   | |  4.4
Armour         | |  1.5
Dodging        | |  2.8

Action                   || total
-------------------------++-------
Melee: Short sword       ||    85
Throw: Stone             ||    15
Invok: Berserk           ||     1
  Use: Scroll            ||     1
 Stab: Sleeping          ||     4
Armor: Animal skin       ||     5
       Ring mail         ||    20
Dodge: Dodged            ||    68
